Replay - Happy v SortOf: Game 1 - Dusk Towers

Build Order

Get SALT Encoding   

  12  0:00  SCV  
  13  0:13  SCV  
  14  0:17  Supply Depot  
  14  0:25  SCV  
  15  0:39  SCV  
  15  0:40  Barracks  
  16  0:45  Refinery  
  16  0:51  SCV  
  17  1:03  SCV  
  18  1:18  SCV  
  18  1:19  Refinery  
  19  1:30  Reaper  
  19  1:31  Orbital Command  
  20  1:48  Command Center  
  20  1:56  SCV  
  20  2:00  Supply Depot  
  21  2:08  SCV  
  21  2:12  Factory  
  22  2:18  Barracks Reactor  
  22  2:21  SCV  
  23  2:33  SCV  
  24  2:45  SCV  
  25  2:57  Starport  
  25  3:00  Supply Depot, SCV, Orbital Command  
  25  3:02  Marine  
  25  3:03  Hellion  
  29  3:12  Hellion  
  31  3:14  SCV  
  32  3:21  Marine  
  32  3:25  Hellion  
  32  3:26  SCV  
  36  3:32  SCV  
  36  3:34  Medivac  
  39  3:35  Hellion  
  39  3:38  Armory  
  39  3:39  SCV  
  42  3:41  Marine  
  42  3:46  Hellion  
  42  3:47  SCV  
  46  3:48  Liberator  
  46  3:52  SCV  
  46  3:55  Supply Depot  
  47  3:59  SCV  
  48  4:04  SCV  
  52  4:11  SCV  
  53  4:19  Command Center  
  53  4:22  Supply Depot  
  53  4:23  SCV  
  54  4:25  SCV  
  54  4:26  Factory Tech Lab  
  54  4:28  Marine  
  56  4:43  Marine  
  57  4:46  Siege Tank, Marine  
  61  5:03  Marine  
  61  5:04  Marine  
  55  5:14  Barracks  
  55  5:16  Barracks, Engineering Bay x2  
  55  5:18  Siege Tank  
  55  5:21  Liberator, Marine  
  56  5:22  Marine  
  56  5:23  SCV  
  56  5:28  Barracks  
  59  5:29  Barracks  
  59  5:31  Refinery  
  59  5:32  Refinery  
  62  5:43  Marine x2  
  62  5:47  Orbital Command  
  64  5:51  Terran Infantry Weapons Level 1  
  64  5:53  SCV x2  
  66  5:57  Terran Infantry Armor Level 1  
  66  6:03  Marine x2  
  65  6:04  Barracks Tech Lab x2  
  65  6:05  SCV  
  65  6:06  SCV  
  67  6:12  Supply Depot  
  67  6:16  Supply Depot, Orbital Command  
  67  6:17  SCV  
  67  6:18  SCV  
  70  6:20  Barracks Reactor  
  70  6:21  Barracks Reactor  
  69  6:25  Starport Reactor  
  69  6:29  Marine x2  
  69  6:30  Stimpack  
  69  6:31  SCV x2  
  73  6:35  Supply Depot  
  73  6:37  Combat Shields  
  73  6:39  Marine  
  74  6:42  SCV  
  74  6:43  SCV x2  
  77  6:48  Marine x2  
  79  6:54  SCV  
  79  6:55  SCV x2  
  79  6:57  Supply Depot  
  79  6:58  Marine x2  
  79  6:59  Supply Depot, Marine  
  85  7:06  Barracks, SCV  
  85  7:07  Marine  
  85  7:08  SCV x2  
  89  7:11  Supply Depot  
  89  7:18  SCV, Marine x2  
  89  7:19  Marauder  
  89  7:20  SCV  
  89  7:22  SCV  
  96  7:24  Marine  
  96  7:25  Supply Depot  
  96  7:27  Marine  
  96  7:28  Medivac  
  100  7:30  SCV  
  100  7:31  Medivac  
  100  7:32  SCV  
  100  7:35  SCV, Marine  
  100  7:36  Marine x3  
  109  7:42  SCV  
  109  7:44  Supply Depot, Refinery, SCV  
  109  7:47  SCV  
  111  7:53  Terran Infantry Weapons Level 2  
  111  7:54  Terran Infantry Armor Level 2  
  111  7:55  SCV  
  112  7:59  Marine x2  
  112  8:00  Marine  
  112  8:01  Marauder x2, Barracks Tech Lab, Marine x2  
  112  8:02  Concussive Shells  
  112  8:03  SCV  
  122  8:06  SCV, Marine  
  122  8:07  SCV  
  122  8:10  Medivac  
  122  8:12  Medivac  
  129  8:15  Refinery  
  129  8:17  Marine x3  
  129  8:18  Marine  
  129  8:19  Marine  
  134  8:22  Supply Depot  
  134  8:23  Supply Depot  
  134  8:33  Supply Depot  
  134  8:34  Supply Depot  
  134  8:36  Marine x2  
  134  8:37  Command Center, Marauder, Marine x2  
  140  8:47  Marine  
  139  8:49  Marine x2  
  139  8:50  Marauder  
  139  8:54  Marine  
  144  8:55  Medivac  
  144  8:56  Marine x2  
  144  8:57  Marine  
  144  8:58  Marauder, SCV  
  144  9:01  SCV  
  153  9:05  Marine  
  153  9:07  Marine  
  153  9:08  Marauder  
  157  9:11  Marauder, SCV x2  
  157  9:14  Medivac, Marine x3  
  166  9:18  Supply Depot  
  166  9:19  Supply Depot  
  166  9:20  Marauder  
  168  9:25  Medivac  
  168  9:29  Marauder  
  169  9:32  SCV, Marine x3  
  169  9:33  Marauder, SCV x2  
  177  9:40  Barracks, Ghost Academy  
  177  9:41  Marauder  
  177  9:42  Marine x2  
  177  9:45  SCV  
  178  9:47  Medivac, Marine  
  178  9:48  SCV  
  178  9:49  Planetary Fortress  
  178  9:51  SCV  
  185  9:55  Medivac  
  187  10:00  Starport  
  187  10:02  Starport  
  185  10:18  Command Center  
  185  10:19  Marine  
  185  10:20  Marauder x2  
  190  10:26  Marine x2  
  190  10:27  Marauder  
  176  10:32  Marine  
  168  10:43  Barracks Tech Lab  
  168  10:47  Starport Reactor, Starport Tech Lab  
Spawning Tool Build Advisor. Get it on Overwolf

Go to:

Details

  • Created by: Hallamino
  • Published on: Aug 09, 2016
  • Modified on: Aug 09, 2016
  • Patch: Pre-3.8.0
Show
View Real Time Build Order
Export as new Build Order

Comments (0)

There are no comments. Be the first!

Create an account to comment!